 Seeded DCSS version 0.28-a0-1002-gf00fe891ef (webtiles) character file.

Game seed: 20211206 (custom seed)

22 a11behringer the Poker (level 2, 0/23 HPs)
             Began as a Merfolk Gladiator on Dec 7, 2021.
             Succumbed to an adder's poison
             ... on level 2 of the Dungeon.
             The game lasted 00:02:20 (999 turns).

a11behringer the Poker (Merfolk Gladiator)           Turns: 999, Time: 00:02:21

Health: 0/23       AC:  4    Str: 14    XL:     2   Next: 91%
Magic:  2/2        EV: 13    Int:  7    God:
Gold:   73         SH:  0    Dex: 15    Spells: 1/1 levels left

rFire   . . .      SeeInvis .   a - +0 trident
rCold   . . .      Faith    .   (no shield)
rNeg    . . .      Spirit   .   b - +0 leather armour
rPois   .          Reflect  .   c - +0 helmet
rElec   .          Harm     .   (no cloak)
rCorr   .          Rampage  .   (no gloves)
Will    .....                   (no boots)
Stlth   +.........              (no amulet)
HPRegen 0.07/turn               (no ring)
MPRegen 0.08/turn               (no ring)

@: lethally poisoned (0 -> -1)
A: (nimble swimmer 2), mertail
a: no special abilities


You were on level 2 of the Dungeon.
You visited 1 branch of the dungeon, and saw 2 of its levels.

You collected 73 gold pieces.

Inventory:

Hand Weapons
 a - a +0 trident (weapon)
Missiles
 d - 3 throwing nets (quivered)
 f - 4 curare-tipped darts
Armour
 b - a +0 leather armour (worn)
 c - a +0 helmet (worn)
Scrolls
 e - a scroll of amnesia {unknown}
 g - a scroll of teleportation {unknown}
 j - a scroll of enchant weapon {unknown}
Potions
 h - a potion of lignification {unknown}
 i - a potion of attraction {unknown}


   Skills:
 + Level 2.3 Fighting
 * Level 5.3 Polearms
 + Level 2.1 Throwing
 + Level 4.3 Dodging


You had one spell level left.
You didn't know any spells.
Your spell library was empty.

Dungeon Overview and Level Annotations

Branches:
Dungeon (2/15)

Altars:


Innate Abilities, Weirdness & Mutations

((You are quick and stealthy near water. (Stealth+, EV+, Speed+++)))
Your lower body shifts to a powerful aquatic tail in water.


Message History

The adder is almost dead.
The adder bites you.
You are poisoned.
The adder poisons you!
You closely miss the adder.
The adder is almost dead.
You feel sick. The adder bites you.
You are more poisoned.
The adder poisons you!
You barely miss the adder.
The adder is almost dead.
You feel sick. The adder closely misses you.
The adder bites you but does no damage.
You are too injured to fight recklessly!
You are too injured to fight recklessly!
You are too injured to fight recklessly!
You are too injured to fight recklessly!
You barely miss the adder.
The adder is almost dead.
You feel sick. The adder bites you.
* * * LOW HITPOINT WARNING * * *
You closely miss the adder.
The adder is almost dead.
* * * LOW HITPOINT WARNING * * *
You feel sick. The adder closely misses you.
You miss the adder.
The adder is almost dead.
* * * LOW HITPOINT WARNING * * *
You feel sick. The adder closely misses you. The adder misses you.
Your leather armour prevents you from hitting the adder.
The adder is almost dead.
* * * LOW HITPOINT WARNING * * *
You feel sick. The adder completely misses you.
You miss the adder.
The adder is almost dead.
* * * LOW HITPOINT WARNING * * *
You feel sick. The adder closely misses you.
You closely miss the adder.
The adder is almost dead.
You die...

## ##.##### #. .#.....
############ #. .#...#
..........##. w#w#...#
.....))...##..##S##.#.#
..........##....@...#.#
..........##........#.#
...<......###.......#.#
............#......)#.####
..........#.#......†.....# ##.
.##########.#.......#.##......
.#..........#.#######.####....
.#..........#. #.#.......
##..........#.#######............


You could see a worm, an adder and a dart slug.

Vanquished Creatures
  5 ball pythons
  An endoplasm (D:1)
  3 goblins
  2 hobgoblins
  3 jackals (D:1)
  3 bats
  A frilled lizard (D:2)
  2 rats (D:1)
20 creatures vanquished.

Notes
Turn   | Place    | Note
-------+----------+-------------------------------------------
     0 | D:1      | a11behringer the Merfolk Gladiator began the quest for the
                  | Orb.
     0 | D:1      | Reached XP level 1. HP: 16/16 MP: 1/1
   185 | D:1      | Reached XP level 2. HP: 11/22 MP: 2/2
   187 | D:1      | Reached skill level 5 in Polearms
   436 | D:1      | Found a faded altar of an unknown god.
   998 | D:2      | HP: 1/23 [poisoned by an adder]
   999 | D:2      | Succumbed to an adder's poison

Illustrated notes

Levels and vault maps discovered:
D:1:      dpeg_arrival_houses_and_road, layout_rooms,
          ebering_ecumenical_altar_mist, kennysheep_flooded_box,
          minmay_splitting_lines
D:2:      layout_basic, minmay_distorted

Skill      XL: |  1  2 |
---------------+-------+-----
Polearms       | 5 |  5.3
Fighting       | |  2.3
Throwing       | |  2.1
Dodging        | |  4.3

Action                   || total
-------------------------++-------
Melee: Trident           ||    62
Armor: Leather armour    ||    29
Dodge: Dodged            ||    54

Table legend: (Time is in decaauts)
 A = Elapsed time spent in this place.
 B = Non-inter-level travel time spent in this place.
 C = Inter-level travel time spent in this place.
 D = Time resting spent in this place.
 E = Time spent auto-exploring this place.
 F = Levels seen in this place.
 G = Mean time per level.
                   A        B        C        D        E       F      G
               +--------+--------+--------+--------+--------+-----+--------+
         Total |   1002 |    985 |     17 |      0 |    821 |   2 |  501.0 |
       Dungeon |   1002 |    985 |     17 |      0 |    821 |   2 |  501.0 |
               +--------+--------+--------+--------+--------+-----+--------+

Top non-repeatable levels by time:
     D:1: 634 daAuts
     D:2: 368 daAuts
